AoeStats
← wujiang

MegaRandom

510263343Analyzed
2v2 RM · 18h ago on Sep 30, 2026· 22m 11s· 4 players
Game mode
Random Map
Map size
Medium (4 player)
Population
200
Speed
Normal
Resources
Standard
Victory
Conquest
Starting age
Dark Age
Ending age
Imperial Age
RankedLock teamsTeams togetherTeam positionsShared explorationLock speedFull tech treeHidden civsTurbo modeCheats
Victory
Defeat
🇺🇸 Vietnamese · United States
1004
+10
🇹🇷 Persians · Türkiye
967
+12
🇨🇳 Khmer · China
1069
-18
641
-4
remoba66_
1:42 Loom
2:50 Loom
14:07 Feudal Age
15:01 Double-Bit Axe
17:08 Bloodlines
22:41 Castle Age
Jabrawlter
1:01 Loom
12:37 Feudal Age
14:00 Wheelbarrow
13:16 Double-Bit Axe
13:15 Horse Collar
13:36 Fishing Lines
20:42 Castle Age
18:44 Stone Mining
18:47 Gold Mining
22:08 Husbandry
22:21 Bloodlines
22:28 Forging
22:24 Scale Barding Armor
你只是一个丑企鹅
6:14 Loom
15:13 Feudal Age
14:46 Loom
18:41 Castle Age
19:15 Wheelbarrow
wujiang
13:56 Feudal Age
12:12 Loom
14:31 Double-Bit Axe
17:42 Castle Age
15:32 Horse Collar
16:38 Bloodlines
16:52 Gold Mining
18:57 Bow Saw
19:47 Gold Shaft Mining
20:06 Wheelbarrow
20:49 Scale Barding Armor
20:55 Forging
22:40 Chain Barding Armor
Connection lost

Rejoining the realm…

Still unreachable

The connection could not be restored.

Session expired

The server has moved on; the page needs a fresh start.